 Dungeon Crawl Stone Soup version 0.20.1-1-g8b1a95d (webtiles) character file.

130 Monsterracer the Covered (level 4, -4/42 HPs)
             Began as a Deep Dwarf Fighter on Oct 27, 2017.
             Killed from afar by Natasha (8 damage)
             ... with a magic dart
             ... on level 3 of the Dungeon.
             The game lasted 00:01:19 (620 turns).

Monsterracer the Covered (Deep Dwarf Fighter)        Turns: 620, Time: 00:01:20

Health: -4/42      AC: 10    Str: 20    XL:     4   Next: 89%
Magic:  13/13      EV:  6    Int:  9    God:
Gold:   56         SH:  9    Dex: 12    Spells: 3/3 levels left

rFire    . . .     SeeInvis .   a - +0 war axe
rCold    . . .     Gourm    .   c - +0 shield
rNeg     . . .     Faith    .   g - +0 chain mail
rPois    .         Spirit   .   (no helmet)
rElec    .         Reflect  .   (no cloak)
rCorr    .         Harm     .   (no gloves)
MR       .....                  h - +0 pair of boots
Stlth    ..........             (no amulet)
Regen    0.0/turn               j - ring of magical power
MPRegen  0.2/turn               (no ring)

@: non-regenerating, slowed, very slow
A: damage resistance, heal wounds, sense surroundings 1, no regeneration
a: Heal Wounds


You were on level 3 of the Dungeon.
You were not hungry.

You visited 1 branch of the dungeon, and saw 3 of its levels.

You collected 56 gold pieces.

Inventory:

Hand Weapons
 a - a +0 war axe (weapon)
Armour
 c - a +0 shield (worn)
 g - a +0 chain mail (worn)
 h - a +0 pair of boots (worn)
Jewellery
 j - a ring of magical power (left hand)
Scrolls
 e - a scroll of enchant weapon {unknown}
 m - a scroll of remove curse {unknown}
 n - a scroll of teleportation {unknown}
 o - a scroll of amnesia {unknown}
Potions
 b - a potion of agility {unknown}
 d - a potion of might
 k - a potion of haste {unknown}
Comestibles
 f - a bread ration
 i - 3 fruits
 l - a royal jelly


   Skills:
 + Level 3.1 Fighting
 * Level 3.6 Axes
 + Level 4.1 Armour
 + Level 1.4 Dodging
 + Level 3.8 Shields


You had 3 spell levels left.
You didn't know any spells.

Dungeon Overview and Level Annotations

Branches:
Dungeon (3/15)

Altars:
Ashenzari
Nemelex Xobeh

Annotations:
D:3 Natasha


Innate Abilities, Weirdness & Mutations

You are resistant to damage.
You can heal yourself by infusing magical energy.
You passively map a small area around you.
You do not regenerate.


Message History

Natasha is heavily wounded.
Natasha casts a spell at you. The magic dart hits you!
You barely miss Natasha.
Natasha is heavily wounded.
Natasha casts a spell at you. You resist with some effort.
Natasha closely misses you.
You hit Natasha.
Natasha is almost dead.
Natasha casts a spell.
You closely miss Natasha.
Natasha is almost dead.
You hit the crimson imp. You block Natasha's attack.
The crimson imp grins evilly.
The crimson imp hits you but does no damage.
You block Natasha's attack.
There are monsters nearby!
Your shield prevents you from hitting Natasha.
Natasha is almost dead.
You closely miss the crimson imp. The crimson imp barely misses you.
Natasha claws you.
You slash Natasha!
You kill Natasha!
Natasha screams in pain as she dies!
The crimson imp disappears in a puff of smoke!
No target in view!
No target in view!
No target in view!
Found a stone staircase leading up and a stone staircase leading down.
o - a scroll labeled ARUULI CEZIGO
There is a stone staircase leading up here.
A frilled lizard comes into view.
The frilled lizard hisses angrily.
A frilled lizard is nearby!
You block the frilled lizard's attack.
You slash the frilled lizard!
You kill the frilled lizard!
Natasha, Servant of Life and Death comes into view.
Natasha hisses angrily.
A hobgoblin comes into view. It is wielding a club.
The hobgoblin shouts!
Natasha casts a spell at you.
You feel yourself slow down. Natasha casts a spell at you.
You resist with some effort. You block Natasha's attack.
Found a stone staircase leading up.
You hit Natasha.
Natasha is lightly wounded.
Natasha claws you. Natasha claws you but does no damage.
You hit Natasha but do no damage.
Natasha is lightly wounded.
You slash the hobgoblin!
You kill the hobgoblin!
Natasha barely misses you. You block Natasha's attack.
Your shield and chain mail prevent you from hitting Natasha.
Natasha is lightly wounded.
Natasha claws you.
Natasha mumbles some strange words.
Your shield and chain mail prevent you from hitting Natasha.
Natasha is lightly wounded.
You hit the white imp. Natasha claws you but does no damage.
You block the white imp's attack. Natasha claws you.
The white imp barely misses you.
You hit the white imp but do no damage.
The white imp is moderately wounded.
Your shield and chain mail prevent you from hitting Natasha.
Natasha claws you. The white imp gestures at you. The puff of frost hits you!
You block Natasha's attack.
The white imp hits you but does no damage.
Natasha casts a spell at you. The magic dart hits you!
Your chain mail prevents you from hitting the white imp.
The white imp is moderately wounded.
You hit Natasha.
The white imp hits you but does no damage.
Natasha closely misses you. You block the white imp's attack.
You hit the white imp but do no damage.
The white imp is moderately wounded.
You hit Natasha.
Natasha casts a spell.
The white imp hits you but does no damage.
Natasha closely misses you. The white imp gestures at you.
The puff of frost hits you!
* * * LOW HITPOINT WARNING * * *
You slash Natasha!
Natasha is severely wounded.
You closely miss the white imp. You completely miss the white imp.
Natasha claws you but does no damage. The white imp hits you.
* * * LOW HITPOINT WARNING * * *
The white imp freezes you.
* * * LOW HITPOINT WARNING * * *
The white imp hits you. The white imp freezes you.
* * * LOW HITPOINT WARNING * * *
You block Natasha's attack.
The white imp hits you but does no damage. x2
Natasha stares at you and mumbles some strange words.
The magic dart hits you!
You die...

#.# #########...##.
#.######......##...##.
#....................,
########......##......
######......##.##...
#..†..#######... #..
#.....# ... #. #.....#
, , *#.5@..# ,, _,
<.....h5..# *, ,
#####.....# , *
#.#####* , #. ,,, ,*
#., * , #., ,


You could see Natasha and 2 white imps.

Vanquished Creatures
  An orc priest (D:3)
  Natasha (twice) (D:3)
  An adder (D:2)
  An ooze (D:1)
  A dart slug (D:1)
  A leopard gecko (D:3)
  3 orcs (D:3)
  A giant cockroach (D:2)
  2 goblins (D:1)
  6 hobgoblins
  7 bats
  2 frilled lizards
  5 kobolds
  2 rats
35 creatures vanquished.

Notes
Turn   | Place    | Note
-------+----------+-------------------------------------------
     0 | D:1      | Monsterracer the Deep Dwarf Fighter began the quest for the Orb.
     0 | D:1      | Reached XP level 1. HP: 20/20 MP: 1/1
    57 | D:1      | Reached XP level 2. HP: 27/27 MP: 2/2
    75 | D:1      | Found a sparkling altar of Nemelex Xobeh.
   288 | D:2      | Reached XP level 3. HP: 29/33 MP: 3/3
   447 | D:3      | Found a shattered altar of Ashenzari.
   480 | D:3      | Reached skill level 4 in Armour
   480 | D:3      | Reached XP level 4. HP: 36/42 MP: 4/4
   498 | D:3      | Reached skill level 1 in Dodging
   515 | D:3      | Found a sparkling altar of Nemelex Xobeh.
   523 | D:3      | Noticed Natasha
   528 | D:3      | Killed Natasha
   555 | D:3      | Noticed Natasha
   567 | D:3      | Killed Natasha
   610 | D:3      | Noticed Natasha
   620 | D:3      | Killed from afar by Natasha

Skill      XL: |  1  2  3  4 |
---------------+-------------+-----
Fighting       | 3 |  3.1
Axes           | 3 |  3.6
Armour         | 4 |  4.1
Dodging        | 1 |  1.4
Shields        | |  3.8

Action                   |  1- 3 |  4- 6 || total
-------------------------+-------+-------++-------
Melee: War axe           |    77 |    41 ||   118
 Abil: Heal Wounds       |       |     2 ||     2
Armor: Scale mail        |    16 |       ||    16
       Chain mail        |    51 |    25 ||    76
Dodge: Dodged            |    28 |    12 ||    40
Block: Shield            |    57 |    21 ||    78

Vault maps used:
D:1:      minmay_arrival_arboretum_small, nemelex_xobeh_ov_fountains_minmay
D:2:      tgw_trog, elyvilon_altar_1
D:3:      lemuel_round_altar, lemuel_doored_altar, lemuel_round_altar,
          uniq_natasha
